 Dungeon Crawl Stone Soup version 0.29.0-4-gdea44cf6ec (webtiles) character file.

Game seed: 8901949250416030612

83 qw the Ruffian (level 4, -2/35 HPs)
             Began as a Ghoul Fire Elementalist on Aug 29, 2022.
             Slain by Natasha (5 damage)
             ... on level 2 of the Dungeon.
             The game lasted 00:01:52 (3390 turns).

qw the Ruffian (Ghoul Fire Elementalist)            Turns: 3390, Time: 00:01:53

Health: -2/35      AC:  2    Str: 13    XL:     4   Next: 44%
Magic:  5/5        EV: 12    Int: 10    God:
Gold:   17         SH:  0    Dex:  9    Spells: 5/6 levels left

rFire   . . .      SeeInvis .     - Unarmed
rCold   + . .      Faith    .   (no shield)
rNeg    + + +      Spirit   .   a - +0 robe
rPois   inf        Reflect  .   (no helmet)
rElec   .          Harm     .   (no cloak)
rCorr   .          Rampage  .   (no gloves)
Will    .....                   (no boots)
Stlth   ++........              (no amulet)
HPRegen 0.00/turn               (no ring)
MPRegen 0.09/turn               (no ring)

@: inhibited regen, slowed, very slow
A: claws 1, cold resistance 1, negative energy resistance 3, inhibited
regeneration, torment resistance 2, devour on kill
a: no special abilities


You were on level 2 of the Dungeon.
You visited 1 branch of the dungeon, and saw 2 of its levels.

You collected 17 gold pieces.


Innate Abilities, Weirdness & Mutations

You are immune to poison.
You have sharp fingernails.
Your flesh is cold resistant. (rC+)
You are immune to negative energy. (rN+++)
You do not regenerate when monsters are visible.
You are immune to unholy pain and torment.
You thrive by killing the living.


   Skills:
 + Level 1.1 Fighting
 - Level 1.7 Dodging
 - Level 2.1 Stealth
 - Level 4.0 Unarmed Combat
 - Level 1.7 Spellcasting
 - Level 0.7 Conjurations
 - Level 2.4 Fire Magic


You had 5 spell levels left.
You knew the following spells:

 Your Spells              Type           Power      Damage    Failure   Level
a - Foxfire               Conj/Fire      16%        2x1d4     17%         1

Your spell library contained the following spells:

 Spells                   Type           Power      Damage    Failure   Level
 Scorch                   Fire           10%        2d6       19%         2
 Conjure Flame            Conj/Fire      4%         6-21      45%         3
 Inner Flame              Hex/Fire       3%         N/A       52%         3
 Flame Wave               Conj/Fire      4%         2d5       86%         4

Inventory:

Armour
 a - a +0 robe (worn)
 d - a +0 leather armour
 e - a +0 chain mail
Scrolls
 b - a scroll of identify
 f - a scroll of blinking {unknown}
Potions
 c - a potion of curing {unknown}
 g - a potion of resistance

Dungeon Overview and Level Annotations

Branches:
Dungeon (2/15)

Altars:

Annotations:
D:2 Natasha


Message History

The giant cockroach barely misses you.
The quokka bites you but does no damage.
The shadow imp hits you but does no damage.
You scratch the shadow imp.
The shadow imp is lightly wounded.
The giant cockroach bites you but does no damage.
The goblin closely misses you.
The quokka bites you but does no damage.
The shadow imp misses you.
You scratch the shadow imp but do no damage.
The shadow imp is lightly wounded.
The giant cockroach barely misses you. The quokka bites you.
The goblin misses you. The shadow imp barely misses you.
The giant cockroach barely misses you. The goblin hits you with a +0 dagger.
The quokka closely misses you.
You closely miss the shadow imp.
The shadow imp is lightly wounded.
The giant cockroach barely misses you. The shadow imp hits you.
The quokka completely misses you. The goblin closely misses you.
Natasha barely misses you. The shadow imp closely misses you.
The giant cockroach bites you but does no damage.
You barely miss the shadow imp.
The shadow imp is lightly wounded.
The quokka misses you. The goblin hits you but does no damage.
Natasha closely misses you.
The giant cockroach bites you but does no damage.
The shadow imp misses you. The quokka bites you.
You scratch the shadow imp but do no damage.
The shadow imp is lightly wounded.
The white imp disappears in a puff of smoke!
The giant cockroach closely misses you. The goblin closely misses you.
The quokka bites you. Natasha misses you. The shadow imp closely misses you.
The giant cockroach closely misses you. The goblin barely misses you.
Natasha closely misses you. The quokka barely misses you.
You scratch the shadow imp.
The shadow imp is moderately wounded.
The shadow imp closely misses you. The giant cockroach barely misses you.
The quokka closely misses you. The goblin hits you with a +0 dagger.
Natasha claws you.
You die...

..# #.............% ...#
#..........>...
....######..............
...............####.####
.............#.# #.#
$..>.........#.# #.#
!......[.....#.# #.#
.S.#..r5h.##...# #..
....#.#@####.....####
... #5gB# ...##..# .
...¤¤S. .#.# ..
.......... # .# . #
....###.... .. ##.# ...#
#..### .. .... .(# ...#
.... .. .#.. .... .##.


You could see Natasha, a crimson imp (summoned), an adder, a shadow imp
(summoned), a quokka, a giant cockroach and a goblin.

Vanquished Creatures
  Jessica (D:2)
  A gnoll (D:1)
  A worm (D:2)
  A dart slug (D:1)
  2 bats
  An endoplasm (D:2)
  4 giant cockroaches
  4 goblins
  3 hobgoblins
  5 jackals (D:1)
  3 kobolds (D:1)
  2 quokkas
  7 ball pythons
  3 rats
38 creatures vanquished.

Notes
Turn   | Place    | Note
-------+----------+-------------------------------------------
     0 | D:1      | qw the Ghoul Fire Elementalist began the quest for the Orb.
     0 | D:1      | Reached XP level 1. HP: 14/14 MP: 2/2
     0 | D:1      | 0 ||| qw: Version: 0.1-a-90-g952f4b7
     0 | D:1      | 0 ||| qw: Game counter: 4125
     0 | D:1      | 0 ||| qw: Always use a shield: true
     0 | D:1      | 0 ||| qw: God list: Okawaru
     0 | D:1      | 0 ||| qw: Allow faded altars: false
     0 | D:1      | 0 ||| qw: Do Orc after D:15 true
     0 | D:1      | 0 ||| qw: Do second Lair branch before Depths: true
     0 | D:1      | 0 ||| qw: Lair rune preference: random
     0 | D:1      | 0 ||| qw: Plans: Normal
     0 | D:1      | 0 ||| PLANNING D:1-11
    63 | D:1      | HP: 2/14 [gnoll/+0 club (5)]
    66 | D:1      | Reached skill level 2 in Unarmed Combat
    66 | D:1      | Reached XP level 2. HP: 4/20 MP: 3/3
   337 | D:1      | 337 ||| Stepping ~*~*~tactically~*~*~ (hiding).
   439 | D:1      | 439 ||| Stepping ~*~*~tactically~*~*~ (hiding).
   541 | D:1      | 541 ||| Stepping ~*~*~tactically~*~*~ (hiding).
   643 | D:1      | 643 ||| Stepping ~*~*~tactically~*~*~ (hiding).
   745 | D:1      | 745 ||| Stepping ~*~*~tactically~*~*~ (hiding).
   847 | D:1      | 847 ||| Stepping ~*~*~tactically~*~*~ (hiding).
  1051 | D:1      | 1051 ||| Stepping ~*~*~tactically~*~*~ (stealth).
  1052 | D:1      | 1052 ||| Stepping ~*~*~tactically~*~*~ (stealth).
  1063 | D:1      | Reached skill level 1 in Fighting
  1235 | D:1      | 1235 ||| Stepping ~*~*~tactically~*~*~ (outnumbered).
  1242 | D:1      | Reached XP level 3. HP: 14/28 MP: 4/4
  1262 | D:1      | 1262 ||| Stepping ~*~*~tactically~*~*~ (stealth).
  1901 | D:1      | 1901 ||| Stepping ~*~*~tactically~*~*~ (outnumbered).
  1902 | D:1      | 1902 ||| Stepping ~*~*~tactically~*~*~ (outnumbered).
  1903 | D:1      | 1903 ||| Stepping ~*~*~tactically~*~*~ (outnumbered).
  1904 | D:1      | 1904 ||| Stepping ~*~*~tactically~*~*~ (outnumbered).
  1907 | D:1      | HP: 7/28 [hobgoblin (4)]
  1912 | D:1      | Reached skill level 3 in Unarmed Combat
  2302 | D:1      | 2302 ||| Stepping ~*~*~tactically~*~*~ (outnumbered).
  2304 | D:1      | 2304 ||| Stepping ~*~*~tactically~*~*~ (outnumbered).
  2305 | D:1      | 2305 ||| Stepping ~*~*~tactically~*~*~ (outnumbered).
  2309 | D:1      | 2309 ||| Stepping ~*~*~tactically~*~*~ (outnumbered).
  2634 | D:1      | 2634 ||| DROPPING amulet of faith.
  2635 | D:1      | 2635 ||| READING 2 scrolls labelled TOUMITH OCOQE.
  2639 | D:1      | 2639 ||| READING scroll labelled ZIL VESEEBECUM.
  2640 | D:1      | 2640 ||| READING scroll labelled PAIBEA OMANT.
  2641 | D:1      | 2641 ||| READING scroll labelled KYOC WODEOMYM.
  2642 | D:1      | 2642 ||| READING scroll labelled QUORESE GEPH.
  2643 | D:1      | 2643 ||| READING scroll labelled FUWUPI DIBUN.
  2644 | D:1      | 2644 ||| DROPPING potion of magic.
  2696 | D:2      | 2696 ||| Stepping ~*~*~tactically~*~*~ (stealth).
  2699 | D:2      | 2699 ||| Stepping ~*~*~tactically~*~*~ (stealth).
  2701 | D:2      | 2701 ||| Stepping ~*~*~tactically~*~*~ (stealth).
  2723 | D:2      | HP: 7/28 [quokka (1)]
  2724 | D:2      | 2724 ||| READING scroll of teleportation.
  2726 | D:2      | 2726 ||| FLEEEEING.
  2734 | D:2      | 2734 ||| FLEEEEING.
  2735 | D:2      | 2735 ||| FLEEEEING.
  2740 | D:2      | 2740 ||| FLEEEEING.
  2741 | D:2      | 2741 ||| FLEEEEING.
  2742 | D:2      | 2742 ||| STAIRDANCE
  2957 | D:1      | 2957 ||| READING 2 scrolls of identify.
  2957 | D:1      | 2957 ||| IDENTIFYING metallic grey potion
  2971 | D:2      | 2971 ||| STAIRDANCE
  3325 | D:2      | Noticed Jessica
  3326 | D:2      | 3326 ||| Stepping ~*~*~tactically~*~*~ (hiding).
  3327 | D:2      | 3327 ||| Stepping ~*~*~tactically~*~*~ (hiding).
  3335 | D:2      | Killed Jessica
  3336 | D:2      | Reached skill level 4 in Unarmed Combat
  3336 | D:2      | Reached XP level 4. HP: 34/35 MP: 5/5
  3375 | D:2      | Noticed Natasha
  3389 | D:2      | HP: 6/35 [quokka (3)]
  3390 | D:2      | Slain by Natasha

Levels and vault maps discovered:
D:1:      lightli_arrival_flooded_house, layout_loops_corners
D:2:      layout_rooms, kennysheep_generic_room_6, uniq_jessica, uniq_natasha

Skill      XL: |  1  2  3 |
---------------+----------+-----
Unarmed Combat | 2 4 |  4.0
Fighting       | 1 |  1.1
Dodging        | |  1.7
Stealth        | |  2.1
Spellcasting   | |  1.7
Conjurations   | |  0.7
Fire Magic     | |  2.4

Action                   |  1- 3 |  4- 6 || total
-------------------------+-------+-------++-------
Melee: Unarmed           |   147 |    15 ||   162
  Use: Scroll            |     8 |       ||     8
 Stab: Sleeping          |     1 |       ||     1
Armor: Robe              |    23 |    14 ||    37
Dodge: Dodged            |    70 |    47 ||   117

Table legend:
 A = Non-vault XP
 B = Vault XP
 C = Vault XP percentage of total XP
 D = Non-vault monster count
 E = Vault monster count
 F = Vault count percentage of total count
                 A         B        C        D         E       F
            +---------+---------+-------+---------+---------+-------
      Total |      82 |      37 |  31.1 |      37 |       1 |   2.6
            +---------+---------+-------+---------+---------+-------
        D:1 |      61 |       0 |   0.0 |      26 |       0 |   0.0
        D:2 |      21 |      37 |  63.8 |      11 |       1 |   8.3
            +---------+---------+-------+---------+---------+-------
